 Dungeon Crawl Stone Soup version 0.22-a0-379-ga9d99d62ad (webtiles) character file.

369 Manul the Slasher (level 6, -3/47 HPs)
             Began as a Demonspawn Gladiator on Apr 28, 2018.
             Killed by divine providence
             ... invoked by an orc priest
              (16 damage)
             ... on level 5 of the Dungeon.
             The game lasted 00:05:37 (4107 turns).

Manul the Slasher (Demonspawn Gladiator)            Turns: 4107, Time: 00:05:37

Health: -3/47      AC: 11    Str: 14 (15) XL:     6   Next: 41%
Magic:  6/6        EV: 12    Int:  8 (9)  God:
Gold:   193        SH:  0    Dex: 16      Spells: 5/5 levels left

rFire    . . .     SeeInvis .   a - +0 long sword
rCold    . . .     Gourm    .   (no shield)
rNeg     + . .     Faith    .   w - +0 ring mail (curse)
rPois    .         Spirit   .   (helmet restricted)
rElec    .         Reflect  .   (no cloak)
rCorr    .         Harm     .   (no gloves)
MR       .....                  (no boots)
Stlth    +.........             (no amulet)
HPRegen  0.15/turn              r - ring of positive energy
MPRegen  0.10/turn              (no ring)

@: sanguine armour
A: horns 2, demonic guardian 1, sanguine armour 1
a: no special abilities


You were on level 5 of the Dungeon.
You were very hungry.

You visited 1 branch of the dungeon, and saw 5 of its levels.

You collected 193 gold pieces.

Inventory:

Hand Weapons
 a - a +0 long sword (weapon)
 v - a +2 halberd of protection
Missiles
 d - 3 throwing nets (quivered)
Armour
 b - a +0 leather armour
 w - a cursed +0 ring mail (worn)
Jewellery
 r - a ring of positive energy (left hand)
Wands
 m - a wand of iceblast (10)
Scrolls
 h - 3 scrolls of immolation {unknown}
 i - 2 scrolls of remove curse
 k - 2 scrolls of enchant weapon {unknown}
 l - a scroll of fog {unknown}
 n - 6 scrolls of identify
 p - a scroll of fear {unknown}
 s - a scroll of magic mapping {unknown}
 u - 2 scrolls of teleportation {unknown}
 x - 2 scrolls of random uselessness {unknown}
Potions
 c - a potion of curing {unknown}
 e - a potion of agility {unknown}
 g - a potion of degeneration
 j - a potion of resistance
 o - a potion of cancellation {unknown}
 q - 2 potions of brilliance
 t - a potion of haste {unknown}
Comestibles
 f - 4 rations


   Skills:
 + Level 3.1 Fighting
 + Level 4.9 Long Blades
 + Level 2.0 Throwing
 + Level 2.2 Armour
 + Level 3.3 Dodging
 + Level 1.4 Stealth


You had 5 spell levels left.
You didn't know any spells.

Dungeon Overview and Level Annotations

Branches:
Dungeon (5/15)
 Temple: D:4-7

Altars:
Elyvilon
Nemelex Xobeh
Yredelemnul


Innate Abilities, Weirdness & Mutations

You have a pair of horns on your head.
A weak demonic guardian rushes to your aid.
When seriously injured, your bleeding wounds create armour. (AC +6)


Message History

Your quasit claws the orc priest.
A gnoll shaman comes into view. It is wielding an enchanted whip.
You hit the orc priest but do no damage.
The orc priest is lightly wounded.
Your quasit bites the orc priest but does no damage.
Your quasit claws the orc priest but does no damage. x2
The orc priest hits you but does no damage.
Your quasit barely misses the orc priest.
Your quasit claws the orc priest but does no damage.
Your quasit misses the orc priest. You hit the orc priest.
The orc priest is lightly wounded.
The orc priest calls down the wrath of Beogh upon you.
Beogh smites you!
* * * LOW HITPOINT WARNING * * *
Your quasit bites the orc priest.
Your quasit claws the orc priest but does no damage. x2
The orc priest mumbles some strange prayers to Beogh against you.
Beogh smites you!
You die...

######
#....
#...##
#..<)#
#.[@5#
#..o.#
#....#
#....#
#.#..#
#.#g.#
#.#.!#
#.#!.#
#..#


You could see a gnoll shaman, an orc priest and a friendly quasit.

Vanquished Creatures
  An orc priest (D:3)
  A hound (D:4)
  An iguana (D:4)
  2 orc wizards
  2 worker ants (D:4)
  A hound zombie (D:3)
  5 adders
  A worm (D:3)
  3 dart slugs
  2 leopard geckos (D:1)
  11 orcs
  A ball python (D:3)
  A giant cockroach (D:1)
  6 hobgoblins
  2 jackals (D:4)
  8 kobolds
  3 quokkas (D:3)
  2 bats (D:2)
  A frilled lizard (D:4)
  6 goblins
  A quokka skeleton (D:5)
  10 rats
71 creatures vanquished.

Vanquished Creatures (collateral kills)
  An orc priest (D:5)
  Jessica (D:2)
  5 orcs
7 creatures vanquished.

Grand Total: 78 creatures vanquished

Notes
Turn   | Place    | Note
-------+----------+-------------------------------------------
     0 | D:1      | Manul the Demonspawn Gladiator began the quest for the Orb.
     0 | D:1      | Reached XP level 1. HP: 16/16 MP: 1/1
   593 | D:1      | Gained mutation: You have a pair of small horns on your head. [demonic ancestry]
   593 | D:1      | Reached XP level 2. HP: 5/22 MP: 2/2
  1347 | D:2      | Reached skill level 3 in Long Blades
  1428 | D:2      | Gained mutation: A weak demonic guardian rushes to your aid. [demonic ancestry]
  1428 | D:2      | Reached XP level 3. HP: 20/27 MP: 3/3
  1458 | D:2      | Noticed Jessica
  1465 | D:2      | Killed Jessica
  1465 | D:2      | Reached skill level 1 in Armour
  1501 | D:2      | Reached XP level 4. HP: 20/34 MP: 4/4
  1711 | D:2      | Found a basalt altar of Yredelemnul.
  1772 | D:2      | Found a white marble altar of Elyvilon.
  2101 | D:3      | Found a sparkling altar of Nemelex Xobeh.
  2194 | D:3      | Reached skill level 4 in Long Blades
  2206 | D:3      | Gained mutation: When seriously injured, your bleeding wounds create armour. (AC +6) [demonic ancestry]
  2206 | D:3      | Reached XP level 5. HP: 33/39 MP: 5/5
  2698 | D:4      | Identified Sif Muna's Secret Knowledge, Part One
  2940 | D:4      | Reached skill level 1 in Stealth
  3080 | D:4      | Gained mutation: You have a pair of horns on your head. [demonic ancestry]
  3080 | D:4      | Reached XP level 6. HP: 27/47 MP: 6/6
  3773 | D:5      | Entered Level 5 of the Dungeon
  4107 | D:5      | Killed from afar by an orc priest

Vault maps used:
D:1:      doesnt_arrival_eight_statues, minmay_fountain_box
D:2:      kennysheep_ying_yang, first_ration, uniq_jessica
D:3:      nemelex_xobeh_ov_fountains_minmay
D:5:      lemuel_crystal_altar, basic_altar

Skill      XL: |  1  2  3  4  5  6 |
---------------+-------------------+-----
Throwing       | 2 |  2.0
Dodging        | 3 |  3.3
Long Blades    | 3 4 |  4.9
Armour         | 1 2 |  2.2
Stealth        | 1 |  1.4
Fighting       | 3 |  3.1

Action                   |  1- 3 |  4- 6 || total
-------------------------+-------+-------++-------
Melee: Long sword        |    73 |   134 ||   207
       Headbutt          |     8 |    26 ||    34
Throw: Throwing net      |       |     2 ||     2
  Use: Scroll            |       |     3 ||     3
       Potion            |       |     3 ||     3
 Stab: Sleeping          |     1 |     4 ||     5
       Distracted        |       |     1 ||     1
  Eat: Chunk             |     2 |     7 ||     9
Armor: Leather armour    |    14 |    17 ||    31
       Ring mail         |       |    19 ||    19
Dodge: Dodged            |    42 |    97 ||   139
       Rpst.: Long sword |    17 |    37 ||    54

Table legend:
 A = Spawn XP
 B = Non-spawn XP
 C = Spawn XP percentage of total XP
 D = Spawn monster count
 E = Non-spawn monster count
 F = Spawn count percentage of total count
 G = Total turns spent on level
                    A         B        C        D         E        F      G
               +---------+---------+-------+---------+---------+-------+---------
         Total |       0 |     528 |   0.0 |       0 |      78 |   0.0 |  4107
               +---------+---------+-------+---------+---------+-------+---------
           D:1 |       0 |      29 |   0.0 |       0 |      16 |   0.0 |  1340
           D:2 |       0 |      72 |   0.0 |       0 |      17 |   0.0 |   609
           D:3 |       0 |     171 |   0.0 |       0 |      29 |   0.0 |   724
           D:4 |       0 |     208 |   0.0 |       0 |      12 |   0.0 |  1390
           D:5 |       0 |      48 |   0.0 |       0 |       4 |   0.0 |    44
               +---------+---------+-------+---------+---------+-------+---------
